 Dungeon Crawl Stone Soup version 0.24.0-123-gd5b16e6ec5 (webtiles) character file.

Game seed: 8251092155559644743, levelgen mode: deterministic

284 brucemayne the Cleaver (level 6, 0/51 HPs)
             Began as a Hill Orc Monk on Jan 23, 2020.
             Succumbed to a worker ant's poison
             ... on level 6 of the Dungeon.
             The game lasted 00:05:29 (1321 turns).

brucemayne the Cleaver (Hill Orc Monk)              Turns: 1321, Time: 00:05:30

Health: 0/51       AC:  7    Str: 16    XL:     6   Next: 29%
Magic:  6/6        EV: 10    Int: 10    God:
Gold:   80         SH:  0    Dex: 15    Spells: 5/5 levels left

rFire    . . .     SeeInvis .   a - +0 hand axe
rCold    . . .     Gourm    .   (no shield)
rNeg     . . .     Faith    .   n - +0 scale mail (curse)
rPois    .         Spirit   .   (no helmet)
rElec    .         Reflect  .   l - +0 cloak
rCorr    .         Harm     .   (no gloves)
MR       .....     Rnd*Rage +   (no boots)
Stlth    +.........             (no amulet)
HPRegen  0.17/turn              (no ring)
MPRegen  0.10/turn              (no ring)

@: lethally poisoned (0 -> -17)
A: agile 1, berserk 1
a: no special abilities


You were on level 6 of the Dungeon.
You were hungry.

You visited 1 branch of the dungeon, and saw 6 of its levels.

You collected 110 gold pieces.
You spent 30 gold pieces at shops.

Inventory:

Hand Weapons
 a - a +0 hand axe (weapon)
 d - a +0 dagger
 f - a +4 quarterstaff of chaos
Armour
 b - a +0 robe
 g - a +0 chain mail
 l - a +0 cloak (worn)
 n - a cursed +0 scale mail (worn)
Scrolls
 h - a scroll of teleportation {unknown}
 i - 2 scrolls of enchant armour {unknown}
 j - 2 scrolls of identify {unknown}
Comestibles
 c - 6 rations
 o - a chunk of flesh


   Skills:
 - Level 3.6 Fighting
 + Level 9.0 Axes
 - Level 2.4 Dodging
 - Level 1.5 Stealth


You had 5 spell levels left.
You didn't know any spells.
Your spell library was empty.

Dungeon Overview and Level Annotations

Branches:
Dungeon (6/15)
 Temple: D:4-7

Altars:
Dithmenos

Shops:
D:4 !

Annotations:
D:4 1 transporter, Alzound's ghost, amateur DsBe


Innate Abilities, Weirdness & Mutations

You are agile. (Dex +2)
You tend to lose your temper in combat.


Message History

You are too injured to fight recklessly!
You aren't carrying any potions.
Unknown command.
Okay, then.
You barely miss the worker ant.
The worker ant is heavily wounded.
* * * LOW HITPOINT WARNING * * *
You feel sick. The worker ant bites you.
* * * LOW HITPOINT WARNING * * *
You are more poisoned.
The worker ant poisons you!
Unknown command.
Your scale mail prevents you from hitting the worker ant.
The worker ant is heavily wounded.
* * * LOW HITPOINT WARNING * * *
You feel sick. The worker ant barely misses you.
Unknown command.
You completely miss the worker ant.
The worker ant is heavily wounded.
You die...

.....<.
.....%.
####...^...
#..<.....#
#.####...#
#รท# ..##
#.# ..
#.##.#.#
#.@a...#
####.### #


You could see a worker ant.

Vanquished Creatures
  A necrophage (D:6)
  A scorpion (D:4)
  Crazy Yiuf (D:3)
  7 adders
  4 dart slugs
  3 leopard geckos
  4 orcs (D:3)
  3 giant cockroaches
  7 goblins
  2 hobgoblins
  A quokka (D:2)
  5 bats
  3 frilled lizards (D:2)
  5 kobolds
  A leopard gecko skeleton (D:4)
  3 rats
51 creatures vanquished.

Notes
Turn   | Place    | Note
-------+----------+-------------------------------------------
     0 | D:1      | brucemayne the Hill Orc Monk began the quest for the Orb.
     0 | D:1      | Reached XP level 1. HP: 19/19 MP: 1/1
    60 | D:1      | Reached XP level 2. HP: 3/26 MP: 2/2
   177 | D:1      | Reached skill level 5 in Axes
   472 | D:2      | Reached XP level 3. HP: 25/31 MP: 3/3
   589 | D:3      | Found a shadowy altar of Dithmenos.
   597 | D:3      | Reached skill level 6 in Axes
   700 | D:4      | Found Giddy's Distillery.
   700 | D:4      | Noticed a scorpion
   767 | D:3      | Reached XP level 4. HP: 34/39 MP: 4/4
   791 | D:4      | Noticed Alzound's ghost (amateur DsBe)
   792 | D:4      | Found a transporter.
  1000 | D:2      | Reached skill level 7 in Axes
  1054 | D:3      | Found a runed translucent door.
  1055 | D:3      | Noticed Crazy Yiuf
  1065 | D:3      | Killed Crazy Yiuf
  1065 | D:3      | Reached XP level 5. HP: 34/45 MP: 5/5
  1146 | D:4      | Reached skill level 8 in Axes
  1169 | D:4      | Bought a potion of curing for 30 gold pieces
  1223 | D:5      | Entered Level 5 of the Dungeon
  1246 | D:5      | Noticed an ogre
  1262 | D:6      | Noticed a necrophage
  1298 | D:6      | Gained mutation: You are weak. (Str -2) [potion of
                  | mutation]
  1298 | D:6      | Gained mutation: You are agile. (Dex +2) [potion of
                  | mutation]
  1298 | D:6      | Gained mutation: Your mind is acute. (Int +2) [potion of
                  | mutation]
  1298 | D:6      | Gained mutation: Your mind is very acute. (Int +4) [potion
                  | of mutation]
  1300 | D:6      | Killed a necrophage
  1300 | D:6      | Reached skill level 9 in Axes
  1300 | D:6      | Reached XP level 6. HP: 15/51 MP: 6/6
  1317 | D:6      | Lost mutation: You are weak. (Str -2) [potion of mutation]
  1317 | D:6      | Lost mutation: Your mind is very acute. (Int +4) [potion of
                  | mutation]
  1317 | D:6      | Lost mutation: Your mind is acute. (Int +2) [potion of
                  | mutation]
  1317 | D:6      | Lost mutation: You are agile. (Dex +2) [potion of mutation]
  1317 | D:6      | Gained mutation: You tend to lose your temper in combat.
                  | [potion of mutation]
  1317 | D:6      | Gained mutation: You are agile. (Dex +2) [potion of
                  | mutation]
  1319 | D:6      | HP: 2/51 [worker ant (5)]
  1321 | D:6      | Succumbed to a worker ant's poison

Levels and vault maps discovered:
D:1:      mrwooster_arrival_statue_2, layout_basic
D:2:      cheibrodos_helix_gallery, layout_loops_ring,
          chequers_ecumenical_altar_island, first_ration, uniq_jessica
D:3:      layout_rooms, lemuel_doored_altar, uniq_crazy_yiuf_cottage
D:4:      layout_rooms, gammafunk_ghost_mausoleum, serial_shops,
          nicolae_shop_waterfront, okawaru_trees_1
D:5:      old_forge, layout_basic, minmay_temple_entry_glass, uniq_blork_the_orc
D:6:      layout_loops_cross, grunt_temple_overflow_open, gammafunk_ghost_grave,
          dk_rats_in_the_wall

Skill      XL: |  1  2  3  4  5 |
---------------+----------------+-----
Axes           | 5 6 7 9 |  9.0
Fighting       | |  3.6
Dodging        | |  2.4
Stealth        | |  1.5

Action                   |  1- 3 |  4- 6 || total
-------------------------+-------+-------++-------
Melee: Hand axe          |    98 |   109 ||   207
Throw: Dart              |       |     5 ||     5
  Use: Potion            |       |     8 ||     8
 Stab: Invisible         |       |     3 ||     3
  Eat: Chunk             |       |     1 ||     1
Armor: Chain mail        |    70 |    24 ||    94
       Robe              |     1 |       ||     1
       Scale mail        |       |    22 ||    22
Dodge: Dodged            |    51 |    51 ||   102
